 Dungeon Crawl Stone Soup version 0.31-a0-726-g3c93526463 (webtiles) character file.

Game seed: 5138635973149911418

25466 Ralffii009 the Destroyer (level 12, -6/81 HPs)
             Began as a Yellow Draconian Conjurer on Sept 8, 2023.
             Was an Elder of Sif Muna.
             Killed by an exploding human (62 damage)
             ... ignited by their inner flame
             ... on level 13 of the Dungeon on Sept 11, 2023.
             The game lasted 01:38:51 (16085 turns).

Ralffii009 the Destroyer (DrCj)                    Turns: 16085, Time: 01:38:51

Health: -6/81      AC: 10    Str:  9    XL:     12   Next: 89%
Magic:  4/27       EV: 23    Int: 31    God:    Sif Muna [****..]
Gold:   732        SH:  0    Dex:  9    Spells: 3/34 levels left

rFire   . . .        p - staff of conjuration
rCold   . . .        (no shield)
rNeg    . . .        (body armour unavailable)
rPois   .            (helmet restricted)
rElec   .            n - scarf {repulsion}
rCorr   +            I - +0 pair of gloves
SInv    .            A - +0 pair of boots
Will    .....        d - amulet of faith
Stlth   ++           h - +6 ring of intelligence
HPRegen 0.33/turn    s - ring of the Hare {EV+10}
MPRegen 0.20/turn

%: repel missiles, faith
@: no status effects
A: spit acid, AC +8, unfitting armour, cold-blooded, acid resistance
a: Breathe Acid, Renounce Religion, Channel Magic, Forget Spell, Divine Exegesis


You were on level 13 of the Dungeon.
You worshipped Sif Muna.
Sif Muna was greatly pleased with you.
You visited 1 branch of the dungeon, and saw 13 of its levels.

You collected 732 gold pieces.

Inventory:

Hand Weapons
 K - the +4 demon blade "Rosolul" {freeze, Dex+4}
   (You found it on level 8 of the Dungeon)

   Dex+4:     It affects your dexterity (+4).
Missiles
 w - 9 throwing nets
Armour
 n - a scarf of repulsion (worn)
 r - a +1 cloak
 t - a +2 barding
 A - a +0 pair of boots (worn)
 I - a +0 pair of gloves (worn)
 S - the +1 robe of Ilauloti {rElec rC+}
   (You found it on level 12 of the Dungeon)

   rC+:       It protects you from cold.
   rElec:     It insulates you from electricity.
Magical Staves
 p - a staff of conjuration (weapon)
Jewellery
 d - an amulet of faith (around neck)
 h - a +6 ring of intelligence (left hand)
 m - a ring of magical power
 q - an amulet of the acrobat
 s - the ring of the Hare (right hand) {EV+10}
   (You found it on level 5 of the Dungeon)

   [ring of evasion]

   EV+10:     It affects your evasion (+10).
 y - a +6 ring of dexterity
 E - a +4 ring of protection
 J - the ring "Qonujen" {Ice Int+2 Stlth+}
   (You found it on level 8 of the Dungeon)

   [ring of ice]

   Ice:       It enhances your ice magic.
   Int+2:     It affects your intelligence (+2).
   rF-:       It makes you vulnerable to fire.
   rC+:       It protects you from cold.
   Stlth+:    It makes you more stealthy.
 O - a +6 ring of intelligence
 P - a +4 ring of protection
Wands
 u - a wand of polymorph (12)
 C - a wand of roots (16)
 D - a wand of paralysis (22)
Scrolls
 b - 3 scrolls of blinking
 f - 2 scrolls of poison
 g - 4 scrolls of revelation
 i - a scroll of fear
 j - 5 scrolls of teleportation
 k - 4 scrolls of enchant armour
 z - a scroll of enchant weapon
 G - a scroll of noise {unknown}
 H - a scroll of amnesia
 Q - a scroll of identify
Potions
 a - 3 potions of haste {unknown}
 c - 4 potions of attraction
 e - a potion of brilliance {unknown}
 l - 3 potions of heal wounds {unknown}
 o - 3 potions of invisibility {unknown}
 v - a potion of curing {unknown}
 x - a potion of ambrosia {unknown}
 F - a potion of mutation {unknown}
 L - a potion of degeneration {unknown}
 M - a potion of lignification {unknown}
 N - a potion of enlightenment {unknown}
 R - a potion of might {unknown}


   Skills:
 + Level 5.8 Dodging
 - Level 1.8 Stealth
 + Level 11.5 Spellcasting
 + Level 11.9 Conjurations
 - Level 7.7 Hexes
 * Level 4.4 Fire Magic
 - Level 2.5 Ice Magic
 * Level 3.6 Earth Magic
 * Level 4.3 Invocations
 - Level 6.4 Evocations


You had 3 spell levels left.
You knew the following spells:

 Your Spells              Type           Power      Damage    Failure   Level
a - Magic Dart            Conj           100%       1d8       1%          1
b - Searing Ray           Conj           100%       2d8       1%          2
c - Fulminant Prism       Conj/Hex       43%        3d19      1%          4
d - Iskenderun's Mystic   Conj/Tloc      70%        2d14      2%          4
e - Passwall              Tmut/Erth      24%        N/A       1%          2
f - Frozen Ramparts       Ice            66%        1d10      3%          3
g - Starburst             Conj/Fire      40%        6d11      16%         6
h - Dazzling Flash        Conj/Hex       100%       N/A       1%          3
i - Leda's Unmaking       Conj/Erth      39%        9d7       17%         6

Your spell library contained the following spells:

 Spells                   Type           Power      Damage    Failure   Level
 Freeze                   Ice            100%       1d10      1%          1
 Sandblast                Erth           80%        2d17      1%          1
 Ensorcelled Hibernation  Hex/Ice        98%        N/A       1%          2
 Scorch                   Fire           90%        2d8       1%          2
 Hailstorm                Conj/Ice       76%        3d16      1%          3
 Inner Flame              Hex/Fire       54%        N/A       1%          3
 Stone Arrow              Conj/Erth      100%       3d13      1%          3
 Apportation              Tloc           34%        N/A       2%          1
 Necrotise                Necr           68%        1d7       2%          1
 Summon Small Mammal      Summ           68%        N/A       2%          1
 Volatile Blastmotes      Fire/Tloc      62%        2d15      3%          3
 Sublimation of Blood     Necr           17%        N/A       4%          2
 Wereblood                Tmut           17%        N/A       4%          2
 Swiftness                Air            17%        N/A       9%          3
 Flame Wave               Conj/Fire      80%        2d17      1%          4
 Sticky Flame             Conj/Fire      80%        2d9       1%          4
 Yara's Violent Unravell  Hex/Tmut       20%        3d9       16%         5
 Enfeeble                 Hex            30%        N/A       69%         7
 Summon Cactus Giant      Summ           8%         N/A       99%         6
 Summon Hydra             Summ           8%         N/A       100%        7
 Maxwell's Capacitive Co  Air            8%         ∞         100%        8


Dungeon Overview and Level Annotations

Branches:
Dungeon (13/15)            Temple (0/1) D:6            Lair (0/5) D:8
    Orc (0/2) D:11
 Vaults: D:13-14

Altars:
Ashenzari
Dithmenos
Elyvilon
Makhleb
Qazlal
Sif Muna
Trog
Wu Jian
Xom
Yredelemnul
Zin

Shops:
D:1 (   D:7 *

Annotations:
D:3 3 runed translucent doors, Gargoyl's ghost, amateur GrBe


Innate Abilities, Weirdness & Mutations

You can spit globs of acid.
Your golden yellow scales are hard. (AC +8)
You cannot fit into any form of body armour.
You are cold-blooded and may be slowed by cold attacks.
You are resistant to acid. (rCorr)


Message History

The vault guard is knocked back by the mystic blast.
The vault guard collides with the vault guard!
The vault guard is heavily wounded.
Flame seeps out of the vault guard.
The vault guard is severely wounded.
The human is engulfed in blazing flames.
Flame seeps out of the human.
The human barely misses you. The human hits your fulminant prism!
Your fulminant prism crackles loudly.
Casting: Iskenderun's Mystic Blast (dangerous; 2% risk of failure)
Confirm with . or Enter, or press ? or * to list all spells.
Aiming: Searing Ray (safe; 1% risk of failure)
Press: ? - help, Shift-Dir - straight line, f - vault guard
Aim: a vault guard, wielding a +0 dire flail and wearing a +0 chain mail (heavily wounded, 81% to hit)
You feel a surge of power!
The searing ray hits the vault guard but does no damage.
The vault guard is severely wounded.
The searing ray misses the vault guard. (Press . to maintain the ray.)
The human is engulfed in blazing flames.
Flame seeps out of the human.
The human barely misses you.
The vault guard is engulfed in blazing flames.
Flame seeps out of the vault guard.
The human hits your fulminant prism.
Your fulminant prism explodes!
The blast of energy engulfs the vault guard!!
The vault guard is almost dead.
The blast of energy engulfs the human!!
You kill the human!
Sif Muna accepts your kill. x2
You feel a bit more experienced.
The searing ray hits the vault guard!
Flame seeps out of the vault guard.
The vault guard is severely wounded.
The searing ray hits the vault guard!
The vault guard is almost dead.
The human is engulfed in blazing flames.
Sif Muna accepts your kill.
The human explodes!
The fiery explosion engulfs you!!!
Ouch! That really hurt!
You die...

....###......................##
....####........#...........##
.....# ###......#..........## #
.....## #.......##.........#
###
......###.......###.......##
##.. .......#.......##
###....#.###...
................##
##.###..#.<..
.................#######
##......
..[............§@p☼p...#
#......
...............§°###☼§'#
#...... .................#
p...+ #.......
.................#
#pp.#)#.......
.................#
+...+~#.......
.................#
#..p#§#.......
.................#
+..p+§#.......
.................# #.pp#~# ..
......... ..


You could see 2 vault guards.

Vanquished Creatures
  A vault guard (D:13)
  Harold (D:9)
  Erica (D:9)
  A boulder beetle (D:12)
  4 two-headed ogres
  A tengu warrior (D:13)
  A deep elf pyromancer (D:12)
  An ugly thing (D:12)
  2 cyclopes
  2 gargoyles
  2 unseen horrors
  A kobold demonologist (D:12)
  Psyche (D:8)
  2 komodo dragons
  2 tengu conjurers (D:12)
  5 trolls
  A hornet (D:9)
  Prince Ribbit (D:6)
  A shadow (D:12)
  A vampire (D:13)
  4 slime creatures (D:12)
  2 wraiths
  2 wyverns
  7 humans (D:13)
  39 yaks
  2 basilisks
  2 steam dragons
  12 vampire mosquitoes
  Edmund (D:6)
  A water moccasin (D:7)
  2 orc warriors (D:9)
  5 ice beasts
  Pargi (D:4)
  2 ogres
  3 black bears
  9 centaurs
  A phantom (D:7)
  5 kobold brigands
  2 scorpions
  3 gnoll sergeants
  A bullfrog (D:9)
  9 killer bees
  2 electric eels (D:6)
  4 howler monkeys
  2 jellies
  8 orc priests
  2 gnoll boudas (D:5)
  2 hounds (D:5)
  3 iguanas
  A scorpion zombie (D:3)
  6 orc wizards
  23 gnolls
  5 adders
  A shadow imp (D:6)
  3 white imps
  A worm (D:1)
  4 dart slugs
  33 orcs
  11 ball pythons
  5 endoplasms
  11 giant cockroaches
  4 goblins
  5 hobgoblins
  9 jackals (D:1)
  29 kobolds
  5 quokkas
  2 bats
  4 frilled lizards
  A jackal zombie (D:3)
  15 rats
  A fulminant prism (D:13)
349 creatures vanquished.

Vanquished Creatures (others)
  A vault guard (D:13)
  A human (D:13)
  123 fulminant prisms
125 creatures vanquished.

Grand Total: 474 creatures vanquished

Notes
Turn   | Place    | Note
-------+----------+-------------------------------------------
     0 | D:1      | Ralffii009 the Draconian Conjurer began the quest for the
                  | Orb.
     0 | D:1      | Reached XP level 1. HP: 14/14 MP: 3/3
     1 | D:1      | Found a runed translucent door.
    99 | D:1      | Found Tinur's Antique Weapon Shoppe.
   150 | D:1      | Reached XP level 2. HP: 20/20 MP: 0/5
   685 | D:1      | Reached XP level 3. HP: 26/26 MP: 0/6
   692 | D:1      | Learned a level 2 spell: Searing Ray
   874 | D:1      | Reached skill level 5 in Conjurations
  1118 | D:2      | Reached XP level 4. HP: 33/33 MP: 3/7
  1755 | D:3      | Learned a level 4 spell: Fulminant Prism
  1826 | D:3      | Found a runed translucent gate.
  1826 | D:3      | Found a runed translucent gate.
  1826 | D:3      | Found a runed translucent gate.
  1826 | D:3      | Noticed Gargoyl's ghost (amateur GrBe)
  1826 | D:3      | Noticed a scorpion
  1828 | D:3      | Found a basalt altar of Yredelemnul.
  2109 | D:3      | Found a bloodstained altar of Trog.
  2745 | D:4      | Reached XP level 5. HP: 38/38 MP: 9/9
  2927 | D:4      | Reached skill level 1 in Hexes
  3181 | D:4      | Noticed Pargi
  3191 | D:4      | Killed Pargi
  3192 | D:4      | Reached XP level 6. HP: 37/45 MP: 9/11
  3383 | D:4      | Found a shadowy altar of Dithmenos.
  3658 | D:5      | Entered Level 5 of the Dungeon
  3662 | D:5      | Your scales start taking on a golden yellow colour.
  3662 | D:5      | Reached XP level 7. HP: 50/50 MP: 13/13
  3662 | D:5      | Gained mutation: You are resistant to acid. (rCorr) [Yellow
                  | Draconian growth]
  3690 | D:5      | Found the ring of the Hare {EV+10}
  3691 | D:5      | Noticed a troll
  3704 | D:5      | Killed a troll
  3855 | D:5      | Reached skill level 5 in Spellcasting
  3863 | D:5      | Learned a level 4 spell: Iskenderun's Mystic Blast
  4299 | D:5      | Reached XP level 8. HP: 53/57 MP: 11/16
  4411 | D:5      | Found a burning altar of Makhleb.
  4412 | D:5      | Found a white marble altar of Elyvilon.
  4412 | D:5      | Found an ornate altar of the Wu Jian Council.
  4510 | D:5      | Found a broken altar of Ashenzari.
  4510 | D:5      | Found a shimmering blue altar of Sif Muna.
  4511 | D:5      | Found a glowing silver altar of Zin.
  4519 | D:5      | Became a worshipper of Sif Muna the Loreminder
  5350 | D:6      | Noticed Prince Ribbit
  5355 | D:6      | Killed Prince Ribbit
  5650 | D:6      | Identified a scroll of acquirement
  5650 | D:6      | Acquired a staff of conjuration
  5801 | D:6      | Found a staircase to the Ecumenical Temple.
  5824 | D:6      | Reached XP level 9. HP: 52/62 MP: 11/18
  5919 | D:6      | Noticed Edmund
  5925 | D:6      | Killed Edmund
  6055 | D:6      | Reached skill level 1 in Evocations
  6374 | D:7      | Found Rorhusk's Assorted Antiques.
  6544 | D:7      | Reached * piety under Sif Muna
  7545 | D:8      | Reached skill level 5 in Hexes
  7932 | D:8      | Found a staircase to the Lair.
  7933 | D:8      | Noticed a komodo dragon
  7976 | D:8      | Killed a komodo dragon
  7977 | D:8      | Reached XP level 10. HP: 69/69 MP: 9/21
  8145 | D:8      | Noticed Psyche
  8156 | D:8      | Killed Psyche
  8250 | D:8      | Learned a level 2 spell: Passwall
  8258 | D:8      | Identified the ring "Qonujen" {Ice Int+2 Stlth+}
  8262 | D:8      | Identified the +4 demon blade "Rosolul" {freeze, Dex+4}
  8268 | D:8      | Learned a level 3 spell: Frozen Ramparts
  8280 | D:9      | Reached ** piety under Sif Muna
  8823 | D:9      | Noticed Harold
  8833 | D:9      | Killed Harold
  8834 | D:9      | Reached skill level 1 in Ice Magic
  9025 | D:9      | Reached skill level 10 in Conjurations
  9156 | D:9      | Reached *** piety under Sif Muna
  9186 | D:9      | Reached skill level 5 in Evocations
  9441 | D:9      | Learned a level 6 spell: Starburst
  9445 | D:9      | Learned a level 3 spell: Dazzling Flash
  9579 | D:9      | Noticed Erica
  9588 | D:9      | Killed Erica
  9589 | D:9      | Reached XP level 11. HP: 40/74 MP: 12/24
  9804 | D:9      | Noticed a two-headed ogre
  9813 | D:9      | Killed a two-headed ogre
 10357 | D:10     | Entered Level 10 of the Dungeon
 10485 | D:10     | Reached **** piety under Sif Muna
 10823 | D:10     | Found a stormy altar of Qazlal.
 11038 | D:10     | Reached skill level 10 in Spellcasting
 11602 | D:10     | Reached skill level 5 in Dodging
 11791 | D:11     | Reached skill level 1 in Fire Magic
 12013 | D:11     | Reached ***** piety under Sif Muna
 12237 | D:11     | Received a gift from Sif Muna
 12238 | D:11     | Got Sif Muna's Vellum of Fulgent Geomancy {god gift}
 12430 | D:11     | Reached skill level 1 in Invocations
 12586 | D:11     | Found a staircase to the Orcish Mines.
 12845 | D:12     | Reached XP level 12. HP: 81/81 MP: 15/26
 12852 | D:12     | Learned a level 6 spell: Leda's Unmaking
 13187 | D:12     | Reached skill level 1 in Earth Magic
 13191 | D:12     | Noticed a boulder beetle
 13206 | D:12     | Killed a boulder beetle
 13766 | D:12     | Found a shimmering altar of Xom.
 13909 | D:12     | Noticed a boulder beetle
 13965 | D:12     | Upgraded the game from 0.31-a0-702-gf82c85558f to
                  | 0.31-a0-726-g3c93526463
 14444 | D:12     | Noticed a two-headed ogre
 14452 | D:12     | Killed a two-headed ogre
 14468 | D:12     | Identified the +1 robe of Ilauloti {rElec rC+}
 14489 | D:12     | Noticed a two-headed ogre
 14496 | D:12     | Killed a two-headed ogre
 15194 | D:13     | Noticed a centaur warrior
 15421 | D:13     | Noticed a two-headed ogre
 15434 | D:13     | Killed a two-headed ogre
 15466 | D:13     | Killed a vault guard
 15697 | D:13     | Identified the +2 leather armour of the Shore {rElec rPois
                  | rN+ MP-9}
 15704 | D:13     | Noticed a tengu warrior
 15730 | D:13     | Killed a tengu warrior
 16065 | D:13     | Noticed a vault guard
 16065 | D:13     | Noticed a vault guard
 16068 | D:13     | Noticed a vault guard
 16076 | D:13     | Killed a vault guard
 16085 | D:13     | Killed by an exploding human... ignited by their inner
                  | flame

Illustrated notes

Levels and vault maps discovered:
D:1:      dpeg_arrival_caged_fury, layout_rooms, serial_shops, shop,
          glass_columns_c
D:2:      layout_rooms, minivault_4
D:3:      layout_loops_ring, mainiacjoe_overflow_small_starburst,
          nicolae_yredelemnul_ghost_church
D:4:      layout_basic, old_standard_altar, uniq_pargi
D:5:      layout_gridville, grunt_temple_overflow_open, serial_bayou_pond_e,
          reono_crystal_passage
D:6:      layout_cave_pods, minmay_temple_entry_butterflies,
          serial_bayou_lake_a, uniq_prince_ribbit1, uniq_edmund
D:7:      layout_loops_ring, serial_shops, nicolae_inconvenience_store,
          kennysheep_decorative_pillar
D:8:      layout_loops_cross, david_lair_shrubbed, minivault_21, st_stairs_3,
          uniq_psyche
D:9:      layout_roguey [special_room_orc], uniq_erica, uniq_harold
D:10:     layout_irregular_city, mainiacjoe_overflow_boulevard
D:11:     layout_rooms, orc_0_dummy, nicolae_eternal_life
D:12:     layout_roguey, gauntlet_entry_generic, minmay_misc_feat_nine_boxes,
          tgw_xom
D:13:     layout_cave_pods, ximxim_vaults_locker_room

Skill      XL: |  1  2  3  4  5  6  7  8  9 10 11 12 |
---------------+-------------------------------------+-----
Dodging        | 2 3 4 5 |  5.8
Conjurations   | 5 6 7 8 9 10 11 | 11.9
Spellcasting   | 3 4 5 6 7 9 10 11 | 11.5
Hexes          | 1 2 3 4 5 6 7 |  7.7
Evocations     | 3 5 6 |  6.4
Ice Magic      | 1 2 |  2.5
Fire Magic     | 2 4 |  4.4
Invocations    | 1 4 |  4.3
Earth Magic    | 3 |  3.6
Stealth        | |  1.8

Action                     |  1- 3 |  4- 6 |  7- 9 | 10-12 || total
---------------------------+-------+-------+-------+-------++-------
  Melee: Unarmed           |    55 |       |    12 |     9 ||    76
         Tailslap          |     6 |       |     2 |     4 ||    12
         Staff             |       |       |       |     1 ||     1
   Cast: Magic Dart        |    59 |   101 |   134 |   229 ||   523
         Searing Ray       |     2 |     9 |    14 |    57 ||    82
         Fulminant Prism   |       |     1 |    31 |    92 ||   124
         Frozen Ramparts   |       |       |       |    13 ||    13
         Iskenderun's Myst |       |       |       |    16 ||    16
         Passwall          |       |       |       |     1 ||     1
         Dazzling Flash    |       |       |       |     1 ||     1
Ability: Breathe Acid      |       |       |     4 |     6 ||    10
  Evoke: Wand              |       |       |       |     4 ||     4
    Use: Potion            |     1 |       |       |     1 ||     2
         Scroll            |       |    10 |     2 |    12 ||    24
 Armour: Skin              |    41 |    24 |    27 |   136 ||   228
  Dodge: Dodged            |    55 |    19 |    78 |   316 ||   468
         Repelled          |       |       |       |     3 ||     3

Table legend: (Time is in decaauts)
 A = Elapsed time spent in this place.
 B = Non-inter-level travel time spent in this place.
 C = Inter-level travel time spent in this place.
 D = Time resting spent in this place.
 E = Time spent auto-exploring this place.
 F = Levels seen in this place.
 G = Mean time per level.
                   A        B        C        D        E       F      G
               +--------+--------+--------+--------+--------+-----+--------+
         Total |  16115 |  15069 |   1046 |   2377 |  10502 |  13 | 1239.6 |
       Dungeon |  16115 |  15069 |   1046 |   2377 |  10502 |  13 | 1239.6 |
               +--------+--------+--------+--------+--------+-----+--------+

Top non-repeatable levels by time:
    D:12: 2245 daAuts
     D:9: 2085 daAuts
    D:10: 1407 daAuts
     D:5: 1371 daAuts
     D:6: 1281 daAuts
     D:7: 1261 daAuts
    D:11: 1177 daAuts
     D:3: 1026 daAuts
     D:1: 959 daAuts
     D:4: 919 daAuts
    D:13: 898 daAuts
     D:2: 750 daAuts
     D:8: 730 daAuts
